 Dungeon Crawl Stone Soup version 0.25-a0-513-ge77a69270c (webtiles) character file.

Game seed: 5404140047686150759, levelgen mode: deterministic

2116 mopl the Fighter (level 9, -11/82 HPs)
             Began as a Hill Orc Wanderer on Feb 16, 2020.
             Mangled by an ogre
             ... wielding a +0 giant club
              (22 damage)
             ... on level 6 of the Dungeon.
             The game lasted 00:12:38 (7397 turns).

mopl the Fighter (Hill Orc Wanderer)                Turns: 7397, Time: 00:12:39

Health: -11/82     AC:  8    Str: 17    XL:     9   Next: 29%
Magic:  12/12      EV:  9    Int: 10    God:
Gold:   289        SH:  4    Dex: 13    Spells: 8/8 levels left

rFire    + . .     SeeInvis +   a - +0 war axe
rCold    . . .     Gourm    .   l - +0 buckler
rNeg     . . .     Faith    .   J - +0 ring mail {rPois}
rPois    +         Spirit   .   (no helmet)
rElec    .         Reflect  .   F - +0 cloak
rCorr    .         Harm     .   (no gloves)
MR       .....                  (no boots)
Stlth    +.........             (no amulet)
HPRegen  0.23/turn              L - ring of protection from fire
MPRegen  0.13/turn              G - ring of see invisible

@: no status effects
A: no striking features
a: no special abilities


You were on level 6 of the Dungeon.
You were not hungry.

You visited 2 branches of the dungeon, and saw 9 of its levels.
You also visited: Sewer.

You collected 289 gold pieces.

Inventory:

Hand Weapons
 a - a +0 war axe (weapon)
 h - a +0 mace
 i - a +1 short sword of freezing
 v - a +0 hand axe
Missiles
 e - 27 poisoned darts (quivered)
 o - 5 silver boomerangs
 p - 11 bolts
 y - 13 javelins
 B - 10 boomerangs
Armour
 d - a +2 scale mail
 l - a +0 buckler (worn)
 F - a +0 cloak (worn)
 J - a +0 ring mail of poison resistance (worn)
 K - a +2 ring mail of fire resistance
Jewellery
 G - a ring of see invisible (right hand)
 L - a ring of protection from fire (left hand)
Wands
 u - a wand of flame (23)
 w - a wand of paralysis (3)
 z - a wand of clouds (5)
Scrolls
 b - 11 scrolls of teleportation
 g - a scroll of magic mapping
 k - 3 scrolls of amnesia
 m - a scroll of enchant armour {unknown}
 r - a scroll of noise {unknown}
 C - a scroll of fear {unknown}
 D - a scroll of fog
 H - 2 scrolls of blinking {unknown}
 I - a scroll of remove curse
Potions
 c - 10 potions of curing
 j - 5 potions of flight
 n - 2 potions of agility
 q - 2 potions of magic {unknown}
 s - 2 potions of might
 t - 2 potions of haste
 x - a potion of ambrosia {unknown}
 A - 2 potions of lignification {unknown}
 E - a potion of heal wounds
Comestibles
 f - 9 rations
 M - a chunk of flesh


   Skills:
 + Level 8.5 Fighting
 * Level 8.3(8.5) Axes
   Level 2.1(4.9) Polearms
 + Level 7.8 Armour
 - Level 1.0 Stealth
 - Level 1.1 Shields
 + Level 4.1 Evocations


You had 8 spell levels left.
You didn't know any spells.
Your spell library was empty.

Dungeon Overview and Level Annotations

Branches:
Dungeon (8/15)             Temple (1/1) D:4           Sewer (visited)
   Lair: D:8-11

Altars:
Ashenzari
Cheibriados
Dithmenos
Elyvilon
Fedhas
Gozag
Hepliaklqana
Kikubaaqudgha
Nemelex Xobeh
Okawaru
Qazlal
Ru
Sif Muna
Trog
Uskayaw
Vehumet
Wu Jian
Xom
Yredelemnul
Zin
The Shining One

Shops:
D:5 :

Annotations:
D:8 Joseph


Message History

You barely miss the ogre.
The ogre is heavily wounded.
The ogre hits you with a +0 giant club!!
* * * LOW HITPOINT WARNING * * *
You hit the ogre.
The ogre is heavily wounded.
You hit the ogre.
The ogre is severely wounded.
The ogre closely misses you.
You completely miss the ogre.
The ogre is severely wounded.
The ogre hits you with a +0 giant club!
* * * LOW HITPOINT WARNING * * *
You hit the ogre.
The ogre is severely wounded.
You block the ogre's attack.
You hit the ogre.
The ogre is almost dead.
The ogre hits you with a +0 giant club!!
You die...

...# ..............##.......
...#####...)..........#........
......................#........
...................>..#........
..................... #........
..................O.###........
..................O.............
#....(....##.#######...#........
##..............@O...##.........
###.......#.#...#######.........
..........#..##. #.........
.....####### ..## #(........
....## #....# #......... ....#
#.# ...####........ ....#### #.
###.#..)#......# ........ ..
.......รท######## ........
#####...#


You could see an ogre.

Vanquished Creatures
  Pikel (D:4)
  Duvessa (D:5)
  A slave (D:2)
  A necrophage (D:5)
  3 ogres
  2 phantoms
  2 big kobolds (Sewer)
  2 bullfrogs (D:6)
  A scorpion (D:4)
  Dowan (D:5)
  3 wights
  A crimson imp (D:5)
  A centaur zombie (D:5)
  Crazy Yiuf (D:4)
  Ijyb (D:3)
  2 orc wizards
  3 worker ants
  Robin (D:4)
  4 gnolls
  11 adders
  A river rat (Sewer)
  2 adder skeletons
  10 worms
  2 dart slugs (D:1)
  9 leopard geckos
  16 orcs
  3 ball pythons (Sewer)
  7 giant cockroaches
  10 goblins
  14 hobgoblins
  9 jackals
  4 quokkas
  A ball python skeleton (D:5)
  9 bats
  7 frilled lizards
  12 kobolds
  2 leopard gecko skeletons
  17 rats
178 creatures vanquished.

Vanquished Creatures (others)
  4 toadstools (D:1)
4 creatures vanquished.

Grand Total: 182 creatures vanquished

Notes
Turn   | Place    | Note
-------+----------+-------------------------------------------
     0 | D:1      | mopl the Hill Orc Wanderer began the quest for the Orb.
     0 | D:1      | mopl set off with the following items: a +0 club, a scroll
                  | of teleportation, a potion of curing, a +2 scale mail, a
                  | ration
     0 | D:1      | Reached XP level 1. HP: 19/19 MP: 1/1
   118 | D:1      | Reached skill level 4 in Fighting
   118 | D:1      | Reached XP level 2. HP: 23/27 MP: 2/2
   633 | D:2      | Found a faded altar of an unknown god.
   645 | D:2      | Reached XP level 3. HP: 21/34 MP: 3/3
   683 | D:2      | Reached skill level 4 in Armour
  1059 | D:2      | Reached XP level 4. HP: 16/41 MP: 4/4
  1525 | D:2      | Reached skill level 5 in Fighting
  2001 | D:3      | Reached XP level 5. HP: 25/48 MP: 5/5
  2036 | D:3      | Found a glowing drain.
  2053 | Sewer    | Entered a sewer
  2386 | Sewer    | Reached skill level 5 in Armour
  2580 | Sewer    | Noticed a big kobold
  2599 | Sewer    | Killed a big kobold
  2599 | Sewer    | Reached skill level 6 in Fighting
  2820 | Sewer    | Reached XP level 6. HP: 46/57 MP: 6/6
  3464 | D:3      | Reached skill level 6 in Armour
  3478 | D:3      | Noticed Ijyb
  3494 | D:3      | Killed Ijyb
  3494 | D:3      | Reached skill level 1 in Axes
  3890 | D:3      | Reached skill level 2 in Axes
  3890 | D:3      | Reached XP level 7. HP: 60/64 MP: 7/7
  4008 | D:4      | Noticed Robin
  4134 | D:4      | Killed Robin
  4134 | D:4      | Reached skill level 1 in Evocations
  4169 | D:4      | Reached skill level 3 in Axes
  4409 | D:4      | Found a runed translucent door.
  4410 | D:4      | Noticed Crazy Yiuf
  4478 | D:4      | Found a staircase to the Ecumenical Temple.
  4487 | Temple   | Entered the Ecumenical Temple
  4500 | D:4      | Reached skill level 7 in Fighting
  4500 | D:4      | Reached skill level 4 in Axes
  4549 | D:4      | Noticed Pikel
  5020 | D:4      | Killed Pikel
  5020 | D:4      | Reached skill level 6 in Axes
  5020 | D:4      | Reached skill level 7 in Armour
  5020 | D:4      | Reached skill level 2 in Evocations
  5020 | D:4      | Reached XP level 8. HP: 73/73 MP: 8/10
  5141 | D:4      | Found a blossoming altar of Fedhas.
  5142 | D:4      | Found a shimmering altar of Xom.
  5142 | D:4      | Found a shimmering blue altar of Sif Muna.
  5398 | D:4      | Killed Crazy Yiuf
  5429 | D:5      | Entered Level 5 of the Dungeon
  5431 | D:5      | Found an iron altar of Okawaru.
  5472 | D:5      | Noticed Dowan
  5473 | D:5      | Noticed Duvessa
  5479 | D:5      | Killed Dowan
  5479 | D:5      | Reached skill level 3 in Evocations
  5500 | D:5      | Killed Duvessa
  5593 | D:5      | You fall into a shaft and drop 3 floors!
  5618 | D:8      | Found a shimmering altar of Xom.
  5619 | D:8      | Found a shimmering altar of Xom.
  5620 | D:8      | Found a shimmering altar of Xom.
  5620 | D:8      | Found a shimmering altar of Xom.
  5620 | D:8      | Found a shimmering altar of Xom.
  5620 | D:8      | Found a shimmering altar of Xom.
  5620 | D:8      | Found a shimmering altar of Xom.
  5647 | D:8      | Found a shimmering altar of Xom.
  5655 | D:8      | Noticed a hornet
  5655 | D:8      | an ogre changed into a hornet
  5682 | D:8      | Noticed Joseph
  6216 | D:5      | Found Qeax's Book Emporium.
  6501 | D:5      | Reached skill level 8 in Fighting
  6501 | D:5      | Reached skill level 7 in Axes
  6603 | D:5      | Reached XP level 9. HP: 59/81 MP: 11/11
  7196 | D:6      | Reached skill level 8 in Axes
  7196 | D:6      | Reached skill level 4 in Evocations
  7397 | D:6      | Mangled by an ogre

Levels and vault maps discovered:
D:1:      ldierk_water_garden, layout_loops_ring, minmay_tromino_v7
D:2:      minmay_spotlight, layout_loops_ring, chequers_ecumenical_altar_simple,
          minmay_tall_x
D:3:      layout_basic, portal_sewer_entry_e, uniq_ijyb
D:4:      layout_gridville, grunt_temple_overflow_open,
          minmay_temple_entry_glass, first_ration, uniq_pikel,
          uniq_crazy_yiuf_cottage, uniq_robin
D:5:      layout_basic, serial_shops, kennysheep_mini, okawaru_gym_becter,
          uniq_duvessa
D:6:      layout_rooms
D:7:      layout_basic, grunt_ogre_cave, trog_book
D:8:      layout_rooms, dpeg_oklobed_lair, xom_shifter_show, uniq_psyche,
          uniq_joseph, uniq_maurice
Temple:   nicolae_temple_no_exploring_needed

Skill      XL: |  1  2  3  4  5  6  7  8  9 |
---------------+----------------------------+-----
Fighting       | 4 5 6 7 8 |  8.5
Armour         | 4 5 6 7 |  7.8
Axes           | 2 6 7 8 |  8.3
Evocations     | 2 3 4 |  4.1
Polearms       | |  2.1
Stealth        | |  1.0
Shields        | |  1.1

Action                   |  1- 3 |  4- 6 |  7- 9 || total
-------------------------+-------+-------+-------++-------
Melee: Club              |    21 |       |       ||    21
       Mace              |   111 |   295 |       ||   406
       Short sword       |       |    85 |    19 ||   104
       War axe           |       |       |   266 ||   266
Throw: Dart              |       |       |     6 ||     6
Evoke: Wand              |       |     3 |     7 ||    10
  Use: Scroll            |     2 |     2 |     5 ||     9
       Potion            |       |     1 |       ||     1
 Stab: Paralysed         |       |     7 |    25 ||    32
  Eat: Chunk             |     1 |    10 |    12 ||    23
Armor: Scale mail        |    85 |   210 |   108 ||   403
       Ring mail         |       |       |    54 ||    54
Dodge: Dodged            |    70 |   169 |   157 ||   396
Block: Buckler           |    13 |    87 |    62 ||   162

Table legend:
 A = Non-vault XP
 B = Vault XP
 C = Vault XP percentage of total XP
 D = Non-vault monster count
 E = Vault monster count
 F = Vault count percentage of total count
                 A         B        C        D         E       F
            +---------+---------+-------+---------+---------+-------
      Total |    1763 |    1260 |  41.7 |     118 |      59 |  33.3
            +---------+---------+-------+---------+---------+-------
        D:1 |      21 |       8 |  27.6 |      11 |       4 |  26.7
        D:2 |      67 |      25 |  27.2 |      21 |      12 |  36.4
        D:3 |     194 |      71 |  26.8 |      31 |      16 |  34.0
        D:4 |     408 |     677 |  62.4 |      19 |       6 |  24.0
        D:5 |     422 |     212 |  33.4 |      14 |       2 |  12.5
        D:6 |     640 |       0 |   0.0 |      17 |       0 |   0.0
        D:8 |      11 |       0 |   0.0 |       5 |       0 |   0.0
      Sewer |       0 |     267 | 100.0 |       0 |      19 | 100.0
            +---------+---------+-------+---------+---------+-------
